AoeStats
← Horizon

Arena

508254761Analyzed
4v4 RM · 11d ago on Sep 21, 2026· 67m 2s· 8 players
Game mode
Random Map
Map size
Large (8 player)
Population
200
Speed
Normal
Resources
Standard
Victory
Conquest
Starting age
Dark Age
Ending age
Imperial Age
RankedLock teamsTeams togetherTeam positionsShared explorationLock speedFull tech treeHidden civsTurbo modeCheats
Victory
Defeat
🇩🇪 Shu · Germany
1505
+15
🇫🇮 Saracens · Finland
1501
+15
🇦🇷 Vietnamese · Argentina
1501
+15
🇨🇴 Huns · Colombia
1455
+17
🇵🇰 Teutons · Pakistan
1508
-17
🇲🇽 Jurchens · Mexico
1490
-16
🇮🇳 Franks · India
1476
-15
🇦🇷 Vietnamese · Argentina
1431
-14
Dark_Shelly
11:36 Feudal Age
12:32 Double-Bit Axe
15:36 Castle Age
17:00 Bow Saw
23:23 Wheelbarrow
22:43 Gold Mining
24:04 Loom
24:07 Town Watch
25:49 Gold Shaft Mining
26:12 Stone Mining
27:03 Scale Barding Armor
27:19 Husbandry
27:42 Hand Cart
30:41 Imperial Age
29:11 #83
29:36 Chain Barding Armor
29:27 Forging
30:54 Cavalier
32:11 Iron Casting
32:34 Conscription
32:38 Paladin
34:23 Blast Furnace
35:17 Plate Barding Armor
40:30 Coinage
40:54 Fletching
41:05 Padded Archer Armor
41:59 Banking
44:20 Scale Mail Armor
45:21 Chain Mail Armor
46:16 Light Cavalry
50:27 Elite Throwing Axeman
53:35 Ballistics
58:34 Chemistry
60:53 Bodkin Arrow
61:32 Plate Mail Armor
robecha18
11:29 Feudal Age
10:31 Loom
11:39 Loom
15:34 Castle Age
14:04 Horse Collar
14:12 Double-Bit Axe
16:51 Bow Saw
18:22 Wheelbarrow
21:50 Heavy Plow
23:13 Hand Cart
23:48 Atonement
24:00 Fervor
23:45 Stone Mining
23:48 Gold Mining
25:15 Gold Shaft Mining
25:08 Pikeman
29:11 Imperial Age
28:43 Squires
28:56 Forging
29:37 Stone Shaft Mining
29:32 Scale Mail Armor
30:18 Scale Barding Armor
29:36 Capped Ram
30:36 Bloodlines
30:27 Husbandry
31:32 Chain Barding Armor
31:49 Iron Casting
31:05 Halberdier
31:31 Gambesons
34:20 Chain Mail Armor
35:06 Blast Furnace
34:17 Arson
34:08 Elite Iron Pagoda
35:09 Conscription
34:43 Fletching
34:54 Padded Archer Armor
34:44 Elite Skirmisher
36:15 Plate Barding Armor
35:36 Imperial Skirmisher
36:53 Fortified Bastions
38:00 Bodkin Arrow
40:26 Chemistry
39:44 Leather Archer Armor
39:34 Siege Ram
42:10 Two-Man Saw
43:24 Bracer
43:55 Ring Archer Armor
46:42 Hoardings
46:21 Masonry
46:33 Ballistics
53:47 Town Watch
54:43 Crop Rotation
59:42 Sanctity
59:12 Light Cavalry
61:06 Hussar
62:37 Town Patrol
63:37 Fortified Wall
Horizon
5:25 Loom
8:32 Feudal Age
14:50 Double-Bit Axe
19:37 Town Watch
20:33 Town Watch
25:52 Castle Age
24:29 Fletching
30:27 Castle Age
44:26 Wheelbarrow
47:38 Imperial Age
46:03 Padded Archer Armor
47:29 Hand Cart
48:01 Leather Archer Armor
49:21 Chemistry
48:39 Elite Skirmisher
49:54 Leather Archer Armor
49:36 Bodkin Arrow
49:45 Imperial Skirmisher
51:45 Ring Archer Armor
55:38 Pikeman
56:18 Squires
56:19 Scale Mail Armor
56:14 Horse Collar
56:47 Caravan
57:19 Gold Mining
57:23 Halberdier
59:37 Chain Mail Armor
60:04 Heavy Plow
60:29 Bow Saw
65:46 Plate Mail Armor
都挺好
10:23 Feudal Age
14:22 Castle Age
12:08 Loom
12:40 Double-Bit Axe
13:06 Horse Collar
15:42 Bow Saw
16:42 Town Watch
18:52 Fletching
19:23 Heavy Plow
19:55 Padded Archer Armor
21:32 Gold Mining
22:35 Leather Archer Armor
26:03 Bodkin Arrow
27:38 Wheelbarrow
31:53 Imperial Age
32:28 Fortified Wall
32:39 Ballistics
33:48 Chemistry
33:18 Hand Cart
34:19 Two-Man Saw
34:14 Stone Mining
35:10 Crop Rotation
35:25 Bracer
37:54 Siege Engineers
37:29 Treadmill Crane
37:46 Murder Holes
38:31 Stone Shaft Mining
39:45 Squires
40:08 Guard Tower
40:04 Arrowslits
40:19 Onager
43:00 Ring Archer Armor
42:31 Scale Mail Armor
42:13 Onager
43:37 Elite Skirmisher
44:23 Thumb Ring
45:25 Hoardings
46:04 Keep
49:06 Paper Money
49:04 Chain Mail Armor
48:59 Forging
49:07 Pikeman
50:29 Halberdier
50:55 Arson
52:11 Bombard Tower
52:54 Plate Mail Armor
52:59 Iron Casting
54:36 Caravan
57:01 Scale Barding Armor
Irrelevant
10:21 Feudal Age
14:41 Castle Age
13:08 Double-Bit Axe
13:16 Horse Collar
15:53 Bow Saw
19:42 Heavy Plow
21:46 Fervor
22:04 Loom
22:57 Wheelbarrow
22:08 Town Watch
24:04 Fletching
27:13 Gold Mining
32:04 Imperial Age
29:40 Scale Barding Armor
30:13 Bloodlines
30:03 Husbandry
31:00 Hand Cart
31:29 Caravan
32:20 Chain Barding Armor
32:13 Forging
32:12 Elite Mameluke
34:15 Masonry
35:20 Iron Casting
35:29 Conscription
35:57 Plate Barding Armor
35:54 Bodkin Arrow
37:32 Blast Furnace
36:31 Bodkin Arrow
37:51 Hoardings
38:06 Treadmill Crane
38:48 Ballistics
40:35 Counterweights
41:09 Bracer
41:44 Fortified Wall
41:36 Padded Archer Armor
43:22 Coinage
43:02 Murder Holes
43:54 Siege Engineers
46:05 Scale Mail Armor
48:25 Light Cavalry
49:11 Hussar
58:24 Two-Man Saw
58:30 Gold Shaft Mining
62:10 Chemistry
61:10 Heavy Camel Rider
vR-MrReD
3:55 Loom
11:58 Feudal Age
19:23 Castle Age
18:51 Double-Bit Axe
20:07 Wheelbarrow
22:26 Bow Saw
22:37 Horse Collar
29:37 Heavy Plow
32:47 Gold Mining
32:47 Stone Mining
34:13 Gold Shaft Mining
33:04 Pikeman
37:23 Imperial Age
34:56 Scale Mail Armor
35:06 Forging
35:33 Squires
36:18 Arson
37:04 Chain Mail Armor
37:50 Halberdier
39:14 Plate Mail Armor
40:17 Hand Cart
40:26 Town Watch
40:34 Fletching
40:45 Padded Archer Armor
41:51 Chemistry
41:12 Ballistics
41:28 Gambesons
42:16 Conscription
43:51 Two-Man Saw
43:01 Crossbowman
43:47 Thumb Ring
43:40 Bodkin Arrow
44:00 Leather Archer Armor
44:00 Caravan
44:30 Coinage
44:31 Capped Ram
45:13 Arbalester
47:20 Banking
49:00 Bracer
49:37 Town Patrol
50:43 Bolt Magazine
52:41 Elite White Feather Guard
53:42 Elite Skirmisher
55:06 Guilds
54:36 Man-at-Arms
55:49 Coiled Serpent Array
58:26 Fortified Wall
58:23 Long Swordsman
59:44 Two-Handed Swordsman
65:58 Siege Ram
Chigüiro
11:36 Feudal Age
15:33 Castle Age
13:30 Double-Bit Axe
13:27 Horse Collar
14:46 Scale Barding Armor
18:04 Chain Barding Armor
18:10 Bow Saw
22:18 Forging
25:42 Iron Casting
27:02 Husbandry
28:20 Gold Mining
30:14 Bloodlines
31:06 Gold Shaft Mining
34:10 Imperial Age
31:51 Pikeman
32:32 Squires
33:11 Scale Mail Armor
34:00 Wheelbarrow
34:18 Chain Mail Armor
34:19 Halberdier
40:36 Loom
52:10 Light Cavalry
52:52 Hussar
56:19 Plate Barding Armor
56:47 Caravan
56:29 Cavalier
58:35 Conscription
59:45 Heavy Plow
63:12 Hand Cart
65:17 Guilds
64:52 Paladin
TheGhostmaster
3:04 Loom
10:24 Feudal Age
10:59 Horse Collar
16:51 Castle Age
15:22 Gold Mining
15:22 Stone Mining
15:35 Stone Mining
17:33 Fletching
18:39 Bodkin Arrow
18:25 Elite Skirmisher
19:20 Padded Archer Armor
20:54 Double-Bit Axe
21:05 Town Watch
23:59 Leather Archer Armor
26:18 Wheelbarrow
29:06 Bow Saw
29:01 Heavy Plow
30:45 Ballistics
32:20 Hand Cart
34:51 Imperial Age
35:07 Thumb Ring
35:07 Imperial Skirmisher
35:50 Bracer
36:54 Chemistry
37:30 Ring Archer Armor
43:33 Paper Money
44:08 Scale Barding Armor
44:43 Town Patrol
46:02 Bloodlines
47:07 Husbandry
46:54 Light Cavalry
47:58 Chatras
49:34 Chain Barding Armor
49:25 Forging
50:04 Guilds
51:31 Plate Barding Armor
51:00 Elite Battle Elephant
53:14 Iron Casting
55:14 Hoardings
64:22 Coinage
66:16 Banking
65:47 Caravan
Connection lost

Rejoining the realm…

Still unreachable

The connection could not be restored.

Session expired

The server has moved on; the page needs a fresh start.